Unix NetHack Version 5.0.0-0 post-release - last build May 10 2026 23:12:36 (d1fa5d53e341ca933230fdaa984d921c805b60aa,branch:main).

Game began 2026-05-15 11:10:46, ended 2026-05-15 11:27:35.

1212459919, neutral male gnomish Archeologist

                                                                 -----------
                  ---#---                                     ###..........|
 ------------     |..>..|                                     #  |.........|
 |%!![?%/m@.|     |.....|                                     #  |.........|
 |!%!%%)??!.|     |......##         --------                ###  ----...--.-
 |([%!(+*(%@-(    |.....| ###%######|......-########        #       |...|##
 |+([))=?)].|#    |.....|          #.......|              ###       |{..|#
 |%?[?![%(/.|#    -.-----           |......|              #         -----#
 |!(!*+)!%).|#    ####              |.......####          #              #
 ------------#    #  ####           --------   #          #              #
             #  ###     `#######################################         #
             #  #                              ###  ------#   -.---------|---
             #  #                                #  |....|   #.....>........|
             #  #                                ###|...<|   #|.............|
             # ##                                  #..*..|#  %|.............|
             #-|------                              |....-####---------------
             #....%..|                              |.`..|#
              |.....%.                              |.....
              --------                              ------

1212459919 the Field Worker  St:11 Dx:12 Co:13 In:16 Wi:14 Ch:9  Neutral
Dlvl:3  $:45 HP:0(23) Pw:11(11) AC:9  Xp:3 T:1325 

Latest messages:
 The manes bites!
 You miss the manes.
 You lash the manes.
 You miss the manes.
 You lash the manes.
 You destroy the manes!
 You hear some noises in the distance.
 You hear some noises in the distance.
 You try to move the boulder, but in vain.
 You try to move the boulder, but in vain.
 You try to move the boulder, but in vain.
 You try to move the boulder, but in vain.
 You try to move the boulder, but in vain.
 You try to move the boulder, but in vain.
 You try to move the boulder, but in vain.
 You try to move the boulder, but in vain.
 You try to move the boulder, but in vain.
 You try to move the boulder, but in vain.
 You lash the brown mold.
 You kill the brown mold!
 You see here a brown mold corpse.
 You miss the lichen.
 You kill the lichen!
 You see here a lichen corpse.
 You see here a brown mold corpse.
 You hear the chime of a cash register.
 "Hello, 1212459919!  Welcome to Adjama's general store!"
 "Will you please leave your pick-axe outside?"
 What do you want to drop? [$a-mo-s or ?*] e
 You drop a +0 pick-axe.
 "Hello, 1212459919!  Welcome again to Adjama's general store!"
 You do not owe Adjama anything.
 You see here a pear (for sale, 9 zorkmids).
 That strange object is a small mimic!
 The small mimic hits!
 You lash the small mimic.
 You lash the small mimic.
 The small mimic hits!
 You lash the small mimic.
 You miss the small mimic.
 The small mimic hits!
 You lash the small mimic.
 The small mimic hits!
 You die...
 Adjama gratefully inherits all your possessions.
 Do you want to see what you had when you died? [ynq] (y) y
 Do you want to see your attributes? [ynq] (y) y
 Do you want an account of creatures vanquished? [ynaq] (y) y
 Do you want to see your conduct and achievements? [ynq] (y) y
 Do you want to see the dungeon overview? [ynq] (y) y

Inventory:
 Coins    ('$')
  $ - 45 gold pieces
 Weapons  (')')
  s - a +0 orcish dagger
  a - a +2 bullwhip (weapon in left hand)
 Armor    ('[')
  c - an uncursed +0 fedora (being worn)
  b - an uncursed +0 leather jacket (being worn)
 Comestibles  ('%')
  r - an uncursed cram ration
  d - 3 uncursed food rations
  j - a cursed food ration
  o - an uncursed tripe ration
  k - a cursed egg
 Potions  ('!')
  l - an uncursed potion of booze
  m - an uncursed potion of gain level
  q - an uncursed potion of monster detection
 Tools    ('(')
  h - an empty uncursed sack
  i - an uncursed tin opener
  f - a tinning kit (0:47)
 Gems/Stones  ('*')
  p - an uncursed worthless piece of yellowish brown glass
  g - an uncursed touchstone

1212459919 the Archeologist's attributes:

Background:
 You were a Field Worker, a level 3 male gnomish Archeologist.
 You were neutral, nominally on a mission for Camaxtli
 who was opposed by Quetzalcoatl (lawful) and Huhetotl (chaotic).
 You were left-handed.
 You were in the Dungeons of Doom, on level 3.
 You entered the dungeon 1325 turns ago.
 You had 62 experience points, 18 more were needed to attain level 4.

Basics:
 You had 0 out of 23 hit points.
 You had all 11 energy points (spell power).
 Your armor class was 9.
 Your wallet contained 45 zorkmids.
 Autopickup was off.

Final Characteristics:
 Your strength was 11 (limit:18/50).
 Your dexterity was 12 (limit:18).
 Your constitution was 13 (limit:18).
 Your intelligence was 16 (limit:19).
 Your wisdom was 14 (limit:18).
 Your charisma was 9 (limit:18).

Final Status:
 You weren't hungry.
 You were unencumbered.
 You were wielding a whip.
 You had basic skill with whip.

Final Attributes:
 You were devoutly aligned.
 You had automatic searching.
 You had infravision.
 You were lucky.
 You are dead.

Miscellaneous:
 You didn't encounter any bones levels.
 Total elapsed playing time was 16 minutes and 46 seconds.

Major events:
 Turn
    1: 1212459919 the neutral male gnomish Archeologist entered the dungeon
 1011: attained the rank of Field Worker (level 3)
 1325: killed by a small mimic

You didn't know any spells.

Skills:
 Fighting Skills
   bare handed combat [Unskilled]
   two weapon combat  [Unskilled]
   riding             [Unskilled]
 Weapon Skills
   dagger             [Unskilled]
   knife              [Unskilled]
   pick-axe           [Basic]
   short sword        [Unskilled]
   saber              [Unskilled]
   club               [Unskilled]
   quarterstaff       [Unskilled]
   sling              [Unskilled]
   dart               [Unskilled]
   boomerang          [Unskilled]
   whip               [Basic]
   unicorn horn       [Unskilled]
 Spellcasting Skills
   attack spells      [Unskilled]
   healing spells     [Unskilled]
   divination spells  [Unskilled]
   matter spells      [Unskilled]

Voluntary challenges:
 Character rerolling was not enabled.
 You followed a strict vegan diet.
 You were an atheist.
 You were illiterate.
 You never genocided any monsters.
 You never polymorphed an object.
 You never changed form.
 You used no wishes.
Achievements:
 You attained the rank of Field Worker.
 You entered a shop.

 The Dungeons of Doom: levels 1 to 3
    Level 1:
       Many fountains.
    Level 2:
       A fountain.
    Level 3: <- You were here.
       A general store, a fountain.
       Final resting place for
          you, killed by a small mimic.


Vanquished creatures:
  a kitten
  a dwarf zombie
  a gas spore
  2 manes
  a large kobold
  a giant rat
  2 brown molds
  4 gnome zombies
  a jackal
  3 foxes
  a goblin
  a sewer rat
  4 grid bugs
  5 lichens
  3 kobold zombies
  3 newts
34 creatures vanquished.

No species were genocided or became extinct.

Game over:
                       ----------
                      /          \
                     /    REST    \
                    /      IN      \
                   /     PEACE      \
                  /                  \
                  |    1212459919    |
                  |      45 Au       |
                  |   killed by a    |
                  |   small mimic    |
                  |                  |
                  |                  |
                  |       2026       |
                 *|     *  *  *      | *
        _________)/\\_//(\/(/\)/\//\/|_)_______

Goodbye 1212459919 the Archeologist...

You died in The Dungeons of Doom on dungeon level 3 with 389 points,
and 45 pieces of gold, after 1325 moves.
You were level 3 with a maximum of 23 hit points when you died.

